 Dungeon Crawl Stone Soup version 0.31-a0-198-g2ad674f65e (webtiles) character file.

Game seed: 694175783695556953

96 qw the Shooter (level 4, -2/25 HPs)
             Began as a Deep Elf Hunter on June 25, 2023.
             Slain by a gnoll
             ... wielding a +0 spear
              (4 damage)
             ... on level 3 of the Dungeon.
             The game lasted 00:00:44 (2313 turns).

qw the Shooter (Deep Elf Hunter)                    Turns: 2313, Time: 00:00:44

Health: -2/25      AC:  5    Str: 10    XL:     4   Next: 41%
Magic:  6/6        EV: 11    Int: 14    God:
Gold:   127        SH:  0    Dex: 18    Spells: 3/3 levels left

rFire   . . .        Y - +0 shortbow
rCold   . . .        (shield currently unavailable)
rNeg    . . .        h - +0 ring mail
rPois   .            (no helmet)
rElec   .            (no cloak)
rCorr   .            (no gloves)
SInv    .            (no boots)
Will    .....        (no amulet)
Stlth   +            (no ring)
HPRegen 0.24/turn    (no ring)
MPRegen 0.10/turn

%: no passive effects
@: no status effects
A: no striking features
a: no special abilities


You were on level 3 of the Dungeon.
You visited 1 branch of the dungeon, and saw 3 of its levels.

You collected 127 gold pieces.


   Skills:
 - Level 1.5 Fighting
 + Level 7.8 Ranged Weapons
 - Level 2.4 Dodging
 - Level 1.2 Stealth


You had 3 spell levels left.
You didn't know any spells.
Your spell library was empty.

Inventory:

Hand Weapons
 Y - a +0 shortbow (weapon)
Armour
 h - a +0 ring mail (worn)
Scrolls
 a - a scroll of revelation {unknown}
 b - a scroll of identify {unknown}
Potions
 d - a potion of haste
 e - a potion of enlightenment
 f - a potion of lignification {unknown}
 g - a potion of invisibility {unknown}
 i - a potion of brilliance {unknown}

Dungeon Overview and Level Annotations

Branches:
Dungeon (3/15)

Altars:
Ru


Message History

The gnoll is moderately wounded.
You shoot an arrow.
The arrow hits the gnoll but does no damage.
The gnoll is moderately wounded.
You shoot an arrow. The arrow hits the gnoll!
The gnoll is almost dead.
A gnoll comes into view. It is wielding a +0 whip.
2301 ||| Stepping ~*~*~tactically~*~*~ (outnumbered).
You shoot an arrow.
The arrow hits the gnoll but does no damage.
The gnoll is almost dead.
You shoot an arrow. The arrow barely misses the gnoll.
The gnoll hits you with a +0 club.
You shoot an arrow. The arrow closely misses the gnoll.
The gnoll barely misses you. x2
You shoot an arrow. The arrow hits the gnoll!
You kill the gnoll!
The gnoll hits you from afar with a +0 spear.
The gnoll barely misses you.
You shoot an arrow. The arrow barely misses the gnoll.
The gnoll hits you from afar with a +0 spear!
You shoot an arrow. The arrow hits the gnoll.
The gnoll is lightly wounded.
The gnoll barely misses you.
You shoot an arrow. The arrow closely misses the gnoll.
The gnoll hits you from afar with a +0 spear.
You shoot an arrow. The arrow completely misses the gnoll.
The gnoll hits you from afar with a +0 spear.
You shoot an arrow. The arrow hits the gnoll.
The gnoll is moderately wounded.
The gnoll completely misses you.
You shoot an arrow. The arrow hits the gnoll.
The gnoll is severely wounded.
The gnoll barely misses you. The gnoll closely misses you.
You shoot an arrow. The arrow barely misses the gnoll.
The gnoll hits you from afar with a +0 spear.
You shoot an arrow. The arrow hits the gnoll.
The gnoll is almost dead.
The gnoll hits you from afar with a +0 spear.
You die...

#......### ###.........
#..# ........###
#..##.#.......#
#..##.#.......##
g########..##.###.......
...g..g.#..............#
#)##.#..#.#..###.#
#@##.#(##....# #.#
#.######(##.#.###...###.#
#.....[.....#.# #.......#
########.#.##.###..###...
#######)#.........# #..
.........>##.####.####..
..#####.####.#..).......
#.# #.#.##.####.. #.#
#.#.##.#.....


You could see a gnoll.

Vanquished Creatures
  A gnoll (D:3)
  2 adders (D:2)
  A worm (D:2)
  2 dart slugs
  An orc (D:3)
  5 ball pythons
  A bat (D:3)
  6 endoplasms
  3 giant cockroaches
  2 goblins
  6 hobgoblins
  8 jackals (D:1)
  4 quokkas
  4 frilled lizards
  4 kobolds
  4 rats (D:2)
54 creatures vanquished.

Notes
Turn   | Place    | Note
-------+----------+-------------------------------------------
     0 | D:1      | qw the Deep Elf Hunter began the quest for the Orb.
     0 | D:1      | Reached XP level 1. HP: 12/12 MP: 3/3
     0 | D:1      | 0 ||| qw: Version: 0.3-a-22-g0ed2b0b
     0 | D:1      | 0 ||| qw: Game counter: 5375
     0 | D:1      | 0 ||| qw: Melee chars always use a shield: true
     0 | D:1      | 0 ||| qw: God list: Okawaru
     0 | D:1      | 0 ||| qw: Allow faded altars: false
     0 | D:1      | 0 ||| qw: Do Orc after clearing Dungeon:15 true
     0 | D:1      | 0 ||| qw: Do second Lair branch before Depths: true
     0 | D:1      | 0 ||| qw: Lair rune preference: random
     0 | D:1      | 0 ||| qw: Goals: Normal
     0 | D:1      | 0 ||| PLANNING D:1-11
   319 | D:1      | Reached XP level 2. HP: 16/16 MP: 4/4
   326 | D:1      | Reached skill level 6 in Ranged Weapons
  1030 | D:1      | 1030 ||| READING scroll labelled OCVIUV KOKUI.
  1031 | D:1      | 1031 ||| READING scroll labelled OCARHO RICVAA.
  1032 | D:1      | 1032 ||| DRINKING 2 amethyst potions.
  1033 | D:1      | 1033 ||| DRINKING 2 fuming yellow potions.
  1034 | D:1      | 1034 ||| DROPPING scroll of butterflies.
  1133 | D:2      | Reached XP level 3. HP: 20/20 MP: 5/5
  1246 | D:2      | Found a sacrificial altar of Ru.
  1395 | D:2      | Reached skill level 7 in Ranged Weapons
  1572 | D:2      | Reached XP level 4. HP: 25/25 MP: 6/6
  2002 | D:2      | 2002 ||| UPGRADING to +0 ring mail.
  2012 | D:2      | 2012 ||| DROPPING +0 leather armour.
  2013 | D:2      | 2013 ||| READING scroll labelled EPSEBBOMUU.
  2014 | D:2      | 2014 ||| READING scroll labelled REIPLASIRO.
  2017 | D:2      | 2017 ||| READING scroll labelled DUSHISUSAEMM.
  2301 | D:3      | 2301 ||| Stepping ~*~*~tactically~*~*~ (outnumbered).
  2309 | D:3      | HP: 5/25 [gnoll/+0 spear (2)]
  2312 | D:3      | HP: 2/25 [gnoll/+0 spear (4)]
  2313 | D:3      | Slain by a gnoll

Levels and vault maps discovered:
D:1:      sevenhm_arrival_forest_fort_large_2, layout_loops_corners,
          shapermc_ecumenical_altar_petra
D:2:      layout_basic, basic_altar, minmay_quadrilaterals
D:3:      layout_loops_ring

Skill      XL: |  1  2  3 |
---------------+----------+-----
Ranged Weapons | 6 7 |  7.8
Fighting       | |  1.5
Dodging        | |  2.4
Stealth        | |  1.2

Action                     |  1- 3 |  4- 6 || total
---------------------------+-------+-------++-------
   Fire: Shortbow          |   115 |    49 ||   164
    Use: Scroll            |     2 |     3 ||     5
         Potion            |     2 |       ||     2
 Armour: Leather armour    |    17 |       ||    17
         Ring mail         |       |     1 ||     1
  Dodge: Dodged            |    46 |     9 ||    55

Table legend:
 A = Non-vault XP
 B = Vault XP
 C = Vault XP percentage of total XP
 D = Non-vault monster count
 E = Vault monster count
 F = Vault count percentage of total count
                 A         B        C        D         E       F
            +---------+---------+-------+---------+---------+-------
      Total |     112 |      26 |  18.8 |      46 |       8 |  14.8
            +---------+---------+-------+---------+---------+-------
        D:1 |      40 |       0 |   0.0 |      21 |       0 |   0.0
        D:2 |      38 |      26 |  40.6 |      15 |       8 |  34.8
        D:3 |      34 |       0 |   0.0 |      10 |       0 |   0.0
            +---------+---------+-------+---------+---------+-------
